 Dungeon Crawl Stone Soup version 0.23-a0-550-g7de1f8e (webtiles) character file.

296 rageheart7 the Changer (level 6, -13/43 HPs)
             Began as an Octopode Transmuter on Dec 8, 2018.
             Mangled by an ogre
             ... wielding a +0 giant club
              (19 damage)
             ... on level 5 of the Dungeon.
             The game lasted 00:05:01 (3981 turns).

rageheart7 the Changer (Octopode Transmuter)        Turns: 3981, Time: 00:05:02

Health: -13/43     AC:  2    Str:  8 (10) XL:     6   Next: 35%
Magic:  9/9        EV: 13    Int: 13 (15) God:
Gold:   234        SH:  0    Dex: 13 (14) Spells: 5/9 levels left

rFire    . . .     SeeInvis .   o - +4 dagger
rCold    . . .     Gourm    .   (no shield)
rNeg     . . .     Faith    .   h - +1 hat
rPois    .         Spirit   .   (no amulet)
rElec    .         Reflect  .   (no ring)
rCorr    .         Harm     .   (no ring)
MR       .....                  (no ring)
Stlth    ++........             (no ring)
HPRegen  0.14/turn              (no ring)
MPRegen  0.11/turn              (no ring)
                                (no ring)
                                (no ring)

@: appendage
A: almost no armour, stealthy swim, amphibious, 8 rings, constrict 8, tentacle
spike 3, camouflage 1, gelatinous body 1
a: End Transformation


You were on level 5 of the Dungeon.
You were very hungry.
One of your tentacles had a temporary spike.
You visited 1 branch of the dungeon, and saw 5 of its levels.

You collected 234 gold pieces.

Inventory:

Hand Weapons
 o - a +4 dagger (weapon)
Missiles
 a - 12 arrows
Armour
 h - a +1 hat (worn)
Wands
 s - a wand of iceblast (5)
Scrolls
 e - 3 scrolls of identify
 j - 3 scrolls of teleportation
 k - a scroll of fog
Potions
 b - 2 potions of degeneration
 d - 2 potions of brilliance
 f - 2 potions of mutation {unknown}
 g - a potion of invisibility
 i - a potion of resistance
 u - a potion of flight
Comestibles
 c - 7 rations


   Skills:
 * Level 4.2 Fighting
 - Level 2.0 Dodging
 - Level 0.2 Stealth
 - Level 3.5 Unarmed Combat
 - Level 2.0 Spellcasting
 * Level 4.5 Transmutations


You had 5 spell levels left.
You knew the following spells:

 Your Spells              Type           Power        Failure   Level  Hunger
a - Beastly Appendage     Tmut           ##....       4%          1    ##.....
b - Spider Form           Tmut/Pois      #.........   30%         3    ####...

Your spell library contained the following spells:

 Spells                   Type           Power        Failure   Level  Hunger
 Sticks to Snakes         Tmut           ##......     6%          2    ###....
 Ice Form                 Ice/Tmut       #.......     69%         4    #####..
 Blade Hands              Tmut           ##........   73%         5    ######.


Dungeon Overview and Level Annotations

Branches:
Dungeon (5/15)
 Temple: D:4-7

Altars:


Innate Abilities, Weirdness & Mutations

You cannot wear most types of armour.
You are very stealthy in the water. (Stealth+)
You are amphibious.
You can wear up to eight rings at the same time.
You can use your tentacles to constrict eight enemies at once.
Your skin changes colour to match your surroundings (Stealth+).
Your rubbery body absorbs attacks. (AC +1, EV +1)
One of your tentacles bears a large vicious spike.


Message History

Casting: Beastly Appendage (safe; 4% risk of failure)
Confirm with . or Enter, or press ? or * to list all spells.
One of your tentacles grows a vicious spike.
The ogre shouts!
You hit the ogre.
You pierce the ogre.
The ogre is moderately wounded.
You hit the ogre.
You pierce the ogre.
The ogre is heavily wounded.
The ogre hits you with a +0 giant club!
You hit the ogre.
The ogre is heavily wounded.
The ogre hits you with a +0 giant club!!
Ouch! That really hurt!
* * * LOW HITPOINT WARNING * * *
You are too injured to fight recklessly!
You are too injured to fight recklessly!
You barely miss the ogre. Your squeeze misses the ogre.
The ogre is heavily wounded.
The ogre hits you with a +0 giant club!!
You die...

#.#.#.# #.#.#.####.
#.#........ #.#.(..## #
#.#.....##.# #..........#
≈≈≈# #.......### ≈≈≈.
#O.#...## ≈≈P.. #@.#...#
≈P... #..#.#.# ≈≈....
#....).###########
♣≈P...####.##...........<.(
#.......################
####.#### ######## #.#
#....... #.# #.####.. #.#
#.###...


You could see an ogre.

Vanquished Creatures
  2 hounds (D:4)
  4 worker ants (D:4)
  A hound skeleton (D:2)
  3 adders
  2 oozes (D:3)
  A worm (D:3)
  2 dart slugs (D:1)
  2 leopard geckos
  10 orcs
  5 giant cockroaches
  5 goblins
  4 hobgoblins
  8 jackals (D:3)
  3 quokkas (D:3)
  6 bats
  7 frilled lizards
  2 jackal skeletons (D:4)
  6 kobolds
  A leopard gecko skeleton (D:4)
  6 rats
80 creatures vanquished.

Notes
Turn   | Place    | Note
-------+----------+-------------------------------------------
     0 | D:1      | rageheart7 the Octopode Transmuter began the quest for the
                  | Orb.
     0 | D:1      | Reached XP level 1. HP: 13/13 MP: 3/3
   160 | D:1      | Reached XP level 2. HP: 15/18 MP: 5/5
  1089 | D:2      | Reached XP level 3. HP: 24/24 MP: 6/6
  1105 | D:2      | Learned a level 3 spell: Spider Form
  1656 | D:3      | Reached XP level 4. HP: 30/30 MP: 7/7
  2690 | D:4      | Reached XP level 5. HP: 22/36 MP: 6/8
  3091 | D:4      | Reached XP level 6. HP: 17/43 MP: 9/9
  3876 | D:5      | Entered Level 5 of the Dungeon
  3981 | D:5      | Mangled by an ogre

Vault maps used:
D:1:      minmay_arrival_checkered_box, serial_forest,
          infiniplex_forest_lined_4_way, infiniplex_forest_clump_large,
          infiniplex_forest_clump_small, infiniplex_forest_clump_long,
          infiniplex_forest_lined_3, minmay_tripent
D:2:      cheibrodos_helix_gallery, first_ration, minmay_tromino_mix6
D:5:      nicolae_dithmenos_the_darkroom, serial_bayou, serial_bayou_pond_d,
          serial_bayou_ford_a, serial_bayou_pond_e, serial_bayou_shore_b,
          minmay_manual_mares

Skill      XL: |  1  2  3  4  5  6 |
---------------+-------------------+-----
Fighting       | 2 3 4 |  4.2
Transmutations | 3 4 |  4.5
Dodging        | |  2.0
Stealth        | |  0.2
Unarmed Combat | |  3.5
Spellcasting   | |  2.0

Action                   |  1- 3 |  4- 6 || total
-------------------------+-------+-------++-------
Melee: Unarmed           |    27 |       ||    27
       Constrict         |    17 |    37 ||    54
       Tentacles         |    11 |    22 ||    33
       Kick              |     8 |     6 ||    14
       Punch             |     1 |     1 ||     2
       Short sword       |    45 |    18 ||    63
       Dagger            |       |   130 ||   130
 Cast: Beastly Appendage |     7 |     6 ||    13
  Use: Scroll            |     1 |     8 ||     9
       Potion            |       |     8 ||     8
 Stab: Sleeping          |     2 |     8 ||    10
       Distracted        |       |     1 ||     1
  Eat: Chunk             |     2 |     7 ||     9
Armor: Skin              |    12 |    27 ||    39
Dodge: Dodged            |    43 |   102 ||   145

Table legend:
 A = Non-vault XP
 B = Vault XP
 C = Vault XP percentage of total XP
 D = Non-vault monster count
 E = Vault monster count
 F = Vault count percentage of total count
                 A         B        C        D         E       F
            +---------+---------+-------+---------+---------+-------
      Total |     417 |       7 |   1.7 |      75 |       5 |   6.2
            +---------+---------+-------+---------+---------+-------
        D:1 |      14 |       3 |  17.6 |       6 |       2 |  25.0
        D:2 |      57 |       4 |   6.6 |      18 |       3 |  14.3
        D:3 |      75 |       0 |   0.0 |      32 |       0 |   0.0
        D:4 |     268 |       0 |   0.0 |      18 |       0 |   0.0
        D:5 |       3 |       0 |   0.0 |       1 |       0 |   0.0
            +---------+---------+-------+---------+---------+-------
